 Dungeon Crawl Stone Soup version 0.21.1-1-g345015f (webtiles) character file.

1191 vatarom the Slinger (level 8, -5/54 HPs)
             Began as a Halfling Hunter on May 21, 2018.
             Was a Believer of Okawaru.
             Killed by divine providence
             ... invoked by an orc priest
              (10 damage)
             ... on level 7 of the Dungeon.
             The game lasted 00:12:15 (5253 turns).

vatarom the Slinger (Halfling Hunter)               Turns: 5253, Time: 00:12:16

Health: -5/54      AC:  4    Str: 20    XL:     8   Next: 71%
Magic:  0/11       EV: 14    Int:  9    God:    Okawaru [**....]
Gold:   166        SH:  0    Dex: 15    Spells: 7/7 levels left

rFire    . . .     SeeInvis .   a - +1 hunting sling
rCold    . . .     Gourm    .   (shield restricted)
rNeg     . . .     Faith    .   c - +0 leather armour
rPois    +         Spirit   +   (no helmet)
rElec    .         Reflect  .   l - +0 cloak
rCorr    .         Harm     .   (no gloves)
MR       +....                  (no boots)
Stlth    +++.......             w - amulet of guardian spirit
HPRegen  0.18/turn              k - ring of protection from magic
MPRegen  0.12/turn              q - ring of poison resistance

@: mighty
A: small, mutation resistance 1
a: Heroism, Renounce Religion


You were on level 7 of the Dungeon.
You worshipped Okawaru.
Okawaru was pleased with you.
You were not hungry.

You visited 2 branches of the dungeon, and saw 8 of its levels.

You collected 166 gold pieces.

Inventory:

Hand Weapons
 a - a +1 hunting sling (weapon)
 b - a +0 short sword
Missiles
 d - 9 sling bullets (quivered)
 e - 211 stones
Armour
 c - a +0 leather armour (worn)
 l - a +0 cloak (worn)
 o - a +0 buckler
Jewellery
 j - an uncursed ring of flight
 k - a ring of protection from magic (left hand)
 q - a ring of poison resistance (right hand)
 w - an amulet of guardian spirit (around neck)
Wands
 m - a wand of disintegration (8)
 s - a wand of acid (10)
 z - a wand of enslavement (12)
Scrolls
 h - 2 scrolls of teleportation
 i - 3 scrolls of magic mapping
 u - 2 scrolls of amnesia
 y - a scroll of immolation
 A - a scroll of fear
Potions
 g - a potion of berserk rage {unknown}
 n - 2 potions of haste
 p - a potion of curing {unknown}
 r - 2 potions of brilliance {unknown}
 t - 3 potions of might
 v - 3 potions of flight
 x - 2 potions of mutation
Comestibles
 f - 4 rations


   Skills:
 * Level 4.6 Fighting
 + Level 8.5 Slings
 - Level 2.1 Dodging
 * Level 4.9 Stealth
 - Level 4.1 Shields
 + Level 4.7 Invocations


You had 7 spell levels left.
You didn't know any spells.

Dungeon Overview and Level Annotations

Branches:
Dungeon (7/15)             Temple (1/1) D:4

Altars:
Ashenzari
Cheibriados
Dithmenos
Elyvilon
Fedhas
Gozag
Hepliaklqana
Kikubaaqudgha
Makhleb
Nemelex Xobeh
Okawaru
Sif Muna
Uskayaw
Vehumet
Wu Jian
Xom
Yredelemnul
Zin
The Shining One

Shops:
D:5 [

Annotations:
D:2 1 runed door


Innate Abilities, Weirdness & Mutations

You are small and have problems with some larger weapons.
You are somewhat resistant to further mutation.


Message History

Press: ? - help, Shift-Dir - straight line, f/p - orc priest
Aim: an orc priest, wielding a flail and wearing a leather armour You shoot a sling bullet.
The sling bullet barely misses the orc priest.
The sling bullet closely misses the orc priest.
The orc priest shouts!
The orc priest invokes the aid of Beogh against you.
Beogh smites you!
You are too injured to fight recklessly!
You are too injured to fight recklessly!
The orc priest calls down the wrath of Beogh upon you.
Beogh smites you!
You hear a shout!
The orc priest calls down the wrath of Beogh upon you.
Beogh smites you!
* * * LOW HITPOINT WARNING * * *
There is a stone staircase leading up here.
The orc priest invokes the aid of Beogh against you.
Beogh smites you!
You die...

#..... #..oo
#.#'#
#######.#'######
................
########........
####........
#........(..
#)#...@.......
#.#...........
#.#...#'######
#.#...#...
#.#...#####
#.#...# #..(..#
#.....# #.((..+


You could see 2 orc priests.

Vanquished Creatures
  Sigmund (D:6)
  A centaur (D:7)
  4 bullfrogs
  2 scorpions (D:5)
  3 crimson imps
  A quasit (D:6)
  4 hounds
  7 worker ants
  A worker ant zombie (D:5)
  4 adders
  A shadow imp (D:6)
  3 oozes
  An adder skeleton (D:4)
  3 dart slugs
  4 leopard geckos
  10 orcs
  A ball python (D:1)
  7 bats
  4 giant cockroaches
  6 goblins
  7 hobgoblins
  10 jackals
  2 quokkas
  6 frilled lizards
  A jackal skeleton (D:7)
  3 kobolds
  A leopard gecko skeleton (D:4)
  8 rats
106 creatures vanquished.

Notes
Turn   | Place    | Note
-------+----------+-------------------------------------------
     0 | D:1      | vatarom the Halfling Hunter began the quest for the Orb.
     0 | D:1      | Reached XP level 1. HP: 14/14 MP: 1/1
    57 | D:1      | Reached skill level 6 in Slings
    57 | D:1      | Reached XP level 2. HP: 19/19 MP: 2/2
   186 | D:1      | Reached XP level 3. HP: 25/25 MP: 3/3
   712 | D:2      | Reached XP level 4. HP: 30/31 MP: 4/4
  1109 | D:2      | Found a runed door.
  1269 | D:2      | Found a glowing silver altar of Zin.
  1276 | D:2      | Found a radiant altar of Vehumet.
  1282 | D:2      | Found a snail-covered altar of Cheibriados.
  1863 | D:3      | Reached skill level 1 in Shields
  2397 | D:4      | Reached XP level 5. HP: 27/36 MP: 5/5
  2469 | D:4      | Reached XP level 6. HP: 30/43 MP: 6/6
  2471 | D:4      | Reached skill level 7 in Slings
  2510 | D:4      | Found a staircase to the Ecumenical Temple.
  2532 | Temple   | Entered the Ecumenical Temple
  2647 | Temple   | Became a worshipper of Warmaster Okawaru
  3000 | D:4      | Found an opulent altar of Gozag.
  3052 | D:4      | Reached skill level 1 in Invocations
  3064 | D:4      | Reached XP level 7. HP: 48/48 MP: 6/8
  3432 | D:5      | Entered Level 5 of the Dungeon
  3608 | D:5      | Found an ornate altar of the Wu Jian Council.
  3782 | D:5      | Found Irchacun's Armour Shop.
  4273 | D:6      | Noticed Sigmund
  4481 | D:6      | Reached * piety under Okawaru
  4709 | D:6      | Reached XP level 8. HP: 54/54 MP: 10/10
  4775 | D:6      | Killed Sigmund
  4775 | D:6      | Reached skill level 8 in Slings
  5221 | D:7      | Reached ** piety under Okawaru
  5253 | D:7      | Killed from afar by an orc priest

Skill      XL: |  1  2  3  4  5  6  7  8 |
---------------+-------------------------+-----
Fighting       | 2 3 4 |  4.6
Slings         | 6 7 8 |  8.5
Shields        | 1 2 3 4 |  4.1
Stealth        | 2 3 4 |  4.9
Invocations    | 1 3 4 |  4.7
Dodging        | |  2.1

Action                   |  1- 3 |  4- 6 |  7- 9 || total
-------------------------+-------+-------+-------++-------
 Fire: Hunting sling     |    84 |   172 |   168 ||   424
Throw: Throwing net      |       |       |     1 ||     1
  Use: Scroll            |       |     6 |     5 ||    11
       Potion            |       |       |     2 ||     2
  Eat: Ration            |       |     2 |     2 ||     4
Armor: Leather armour    |     4 |    14 |    11 ||    29
Dodge: Dodged            |     7 |    52 |    30 ||    89
